 Dungeon Crawl Stone Soup version 0.17.0-28-g6e173f8 (webtiles) character file.

5013 Mathinus the Cleaver (level 10, 0/136 HPs)
             Began as a Minotaur Berserker on Nov 24, 2015.
             Was a High Priest of Trog.
             Succumbed to a queen bee's poison
             ... on level 8 of the Dungeon.
             The game lasted 00:44:41 (6703 turns).

Mathinus the Cleaver (Minotaur Berserker)           Turns: 6703, Time: 00:44:41

Health: 0/136      AC: 12    Str: 30      XL:     10   Next: 30%
Magic:  9/9        EV: 11    Int:  4      God:    Trog [*****.]
Gold:   500        SH:  0    Dex:  8 (10) Spells: 0 memorised, 9 levels left

rFire  . . .     SeeInvis +     w - +1 war axe
rCold  + . .     Clarity  .     E - +0 chain mail
rNeg   . . .     SustAt   .     (no shield)
rPois  .         Gourm    .     (helmet restricted)
rElec  .         Spirit   .     (no cloak)
rCorr  .         Warding  .     M - +0 pair of gloves (curse)
rMut   .         Stasis   .     (no boots)
MR     .....                    (no amulet)
Stlth  ..........               l - ring of see invisible
                                d - ring of protection from cold

@: berserking, lethally poisoned (0 -> -11), very quick, not resistant to
hostile enchantments, extremely unstealthy
A: retaliatory headbutt, horns 2
a: Berserk, Trog's Hand, Brothers in Arms, Burn Spellbooks, Renounce Religion


You were on level 8 of the Dungeon.
You worshipped Trog.
Trog was extremely pleased with you.
You were not hungry.

You visited 2 branches of the dungeon, and saw 9 of its levels.

You collected 500 gold pieces.

Inventory:

Hand Weapons
 w - a +1 war axe (weapon)
 D - a +0 arbalest
Missiles
 k - 5 needles of sleeping
 m - 17 tomahawks (quivered)
Armour
 E - a +0 chain mail (worn)
 I - a +1 ring mail of positive energy
 M - a cursed +0 pair of gloves (worn)
Jewellery
 d - a ring of protection from cold (left hand)
 l - a ring of see invisible (right hand)
 v - an uncursed ring of ice
 y - an uncursed ring of flight
 K - a +3 ring of intelligence {unknown}
Wands
 a - a wand of confusion (25)
 z - a wand of random effects (48)
Scrolls
 b - a scroll of identify
 j - 2 scrolls of blinking
 n - 2 scrolls of magic mapping
 o - a scroll of teleportation
 s - a scroll of enchant weapon
 t - 4 scrolls of remove curse
 A - a scroll of fear
 B - a scroll of fog
 F - a scroll of enchant armour
 N - a scroll of recharging
Potions
 i - 2 potions of might
 p - 3 potions of lignification
 r - a potion of poison
 x - a potion of mutation {unknown}
 H - 3 potions of curing
 J - a potion of cancellation {unknown}
Books
 C - a book of Power

   Spells                             Type                      Level
   a - Fulminant Prism                Conjuration/Hexes            4
   b - Iskenderun's Mystic Blast      Conjuration                  4
   c - Venom Bolt                     Conjuration/Poison           5
   d - Bolt of Magma                  Conjuration/Fire/Earth       5
   e - Iron Shot                      Conjuration/Earth            6
   f - Orb of Destruction             Conjuration                  7
   g - Spellforged Servitor           Conjuration/Summoning        7
   Trog disapproves of the use of such an item.
 G - a book of Spatial Translocations

   Spells                             Type                      Level
   a - Apportation                    Translocation                1
   b - Blink                          Translocation                2
   c - Shroud of Golubria             Charms/Translocation         2
   d - Portal Projectile              Translocation                3
   e - Teleport Other                 Translocation                3
   f - Passage of Golubria            Translocation                4
   Trog disapproves of the use of such an item.
Comestibles
 c - 9 bread rations
 f - 9 meat rations
 g - 4 fruits
 h - 3 slices of pizza
 u - a royal jelly
 L - 6 chunks of flesh


   Skills:
 + Level 9.2 Fighting
 + Level 10.7 Axes
 + Level 9.7 Armour
 + Level 7.8 Dodging
 + Level 1.0 Stealth


You had 9 spell levels left.
You didn't know any spells.

Dungeon Overview and Level Annotations

Branches:
Dungeon (8/15)             Temple (1/1) D:7
   Lair: D:8-11

Altars:
Ashenzari
Dithmenos
Elyvilon
Fedhas
Gozag
Kikubaaqudgha
Makhleb
Nemelex Xobeh
Okawaru
Qazlal
Ru
Trog
Vehumet
Xom
Yredelemnul
Zin
The Shining One


Innate Abilities, Weirdness & Mutations

You reflexively headbutt those who attack you in melee.
You have a pair of horns on your head.


Message History

The queen bee is heavily wounded.
You slash the queen bee!
The queen bee is almost dead.
You slash the scorpion!
You kill the scorpion!
Trog accepts your kill.
You feel sick. The queen bee stings you.
* * * LOW HITPOINT WARNING * * *
You are more poisoned.
The queen bee poisons you!
You hit the queen bee.
The queen bee is almost dead.
* * * LOW HITPOINT WARNING * * *
You feel sick.
You barely miss the queen bee. You headbutt the queen bee.
You kill the queen bee!
Trog accepts your kill.
* * * LOW HITPOINT WARNING * * *
You feel sick.
You die...

#o....# #...........####....
#.#...# ####..###..)))...###...
#)#...###.......####.##### ##..
###.#...##.................####..
....#............................
......................###########
#####†#########†###>### #.#
#.##..# #)# #.@...# #.# ####..#
#)# #..# #.# ##.## #.# #..# #.#
##.## #.# #y.# #.# ##.## #y# #..#


There were no monsters in sight!

Vanquished Creatures
  Erica (D:8)
  The ghost of grerr the Covert, a novice OpAK of Lugonu (D:8)
  The ghost of PossumBlood the Ruffian, an amateur TrMo (D:4)
  The ghost of Wutend the Skirmisher, an amateur FoFi of Qazlal (D:5)
  A queen bee (D:8)
  A two-headed ogre (D:8)
  Eustachio (D:4)
  Duvessa (D:7)
  A sky beast (D:6)
  A wasp (D:7)
  An orc warrior (D:7)
  An ice beast (D:7)
  2 centaurs
  3 ogres
  3 giant frogs
  A water moccasin zombie (D:7)
  Dowan (D:7)
  8 killer bees (D:8)
  3 scorpions
  4 crimson imps
  2 giant frog zombies
  A jelly (D:7)
  A centaur zombie (D:7)
  An orc priest (D:6)
  5 worker ants
  Ijyb (D:3)
  A giant frog skeleton (D:4)
  3 hounds
  8 orc wizards
  2 iguanas
  A worker ant zombie (D:6)
  20 adders
  4 gnolls (D:5)
  3 shadow imps
  3 worms (D:3)
  3 giant geckos
  20 orcs
  8 bats
  2 giant cockroaches
  14 goblins
  6 hobgoblins
  9 jackals
  4 quokkas
  2 giant gecko skeletons
  5 giant newts
  A jackal skeleton (D:4)
  5 kobolds
  11 rats
183 creatures vanquished.

Notes
Turn   | Place    | Note
--------------------------------------------------------------
     0 | D:1      | Mathinus the Minotaur Berserker began the quest for the Orb.
     0 | D:1      | Reached XP level 1. HP: 19/19 MP: 0/0
   364 | D:1      | Reached XP level 2. HP: 25/27 MP: 1/1
   795 | D:2      | Reached skill level 4 in Axes
   824 | D:2      | Reached XP level 3. HP: 30/33 MP: 2/2
   915 | D:2      | Found a sacrificial altar of Ru.
   919 | D:2      | Found a stormy altar of Qazlal.
   924 | D:2      | Reached ** piety under Trog
  1348 | D:2      | Found a blossoming altar of Fedhas.
  1349 | D:2      | Reached XP level 4. HP: 39/41 MP: 3/3
  1653 | D:3      | Noticed a moth of wrath
  1659 | D:3      | Reached *** piety under Trog
  1675 | D:3      | Noticed Ijyb
  1692 | D:3      | Killed Ijyb
  1692 | D:3      | Reached XP level 5. HP: 42/47 MP: 4/4
  1861 | D:3      | Found a bloodstained altar of Trog.
  1954 | D:3      | Found a blossoming altar of Fedhas.
  2166 | D:4      | Noticed PossumBlood's ghost (amateur TrMo)
  2173 | D:4      | Killed PossumBlood's ghost
  2173 | D:4      | Reached skill level 5 in Fighting
  2173 | D:4      | Reached skill level 5 in Axes
  2173 | D:4      | Reached XP level 6. HP: 53/56 MP: 5/5
  2387 | D:4      | Noticed Eustachio
  2447 | D:4      | Reached XP level 7. HP: 49/61 MP: 6/6
  2510 | D:4      | Killed Eustachio
  2510 | D:4      | Reached skill level 5 in Armour
  2510 | D:4      | Reached skill level 5 in Dodging
  3243 | D:5      | Entered Level 5 of the Dungeon
  3345 | D:5      | Found a shadowy altar of Dithmenos.
  3391 | D:5      | Noticed Wutend's ghost (amateur FoFi)
  3404 | D:5      | Killed Wutend's ghost
  3404 | D:5      | Reached skill level 6 in Axes
  3710 | D:5      | Reached XP level 8. HP: 70/70 MP: 7/7
  4019 | D:6      | Reached **** piety under Trog
  4098 | D:6      | Found a bloodstained altar of Trog.
  4216 | D:6      | Reached skill level 7 in Axes
  4355 | D:6      | HP: 2/71 [centaur/arrow (7)]
  4761 | D:6      | Reached skill level 8 in Axes
  4857 | D:7      | Noticed Dowan
  4858 | D:7      | Noticed Duvessa
  4868 | D:7      | Killed Dowan
  4871 | D:7      | Killed Duvessa
  4871 | D:7      | Reached XP level 9. HP: 79/79 MP: 8/8
  5104 | D:7      | Found a staircase to the Ecumenical Temple.
  5113 | Temple   | Entered the Ecumenical Temple
  5447 | D:7      | Received a gift from Trog
  5605 | D:7      | Reached skill level 9 in Axes
  6166 | D:8      | Noticed grerr's ghost (novice OpAK)
  6182 | D:8      | Reached skill level 1 in Stealth
  6214 | D:8      | HP: 4/82 [poisoned by a killer bee]
  6220 | D:8      | HP: 4/82 [poisoned by a killer bee]
  6227 | D:8      | HP: 3/82 [poisoned by a killer bee]
  6556 | D:8      | Reached skill level 10 in Axes
  6572 | D:8      | Killed grerr's ghost
  6572 | D:8      | Reached XP level 10. HP: 39/90 MP: 9/9
  6578 | D:8      | Noticed Erica
  6580 | D:8      | Reached ***** piety under Trog
  6597 | D:8      | HP: 4/90 [Erica/orb of energy (22)]
  6599 | D:8      | Killed Erica
  6652 | D:8      | HP: 4/91 [poison (a potion of poison)]
  6700 | D:8      | HP: 3/136 [queen bee (6)]
  6702 | D:8      | HP: 1/136 [poisoned by a queen bee]
  6703 | D:8      | Succumbed to a queen bee's poison

Action                   |  1- 3 |  4- 6 |  7- 9 | 10-12 || total
-------------------------+-------+-------+-------+-------++-------
Melee: Hand axe          |    70 |    90 |       |       ||   160
       War axe           |       |    27 |   286 |    25 ||   338
Invok: Berserk           |       |     2 |     7 |     1 ||    10
       Trog's Hand       |       |       |     4 |     1 ||     5
  Use: Scroll            |     6 |     2 |     6 |       ||    14
       Potion            |       |       |     4 |     4 ||     8
  Eat: Chunk             |     1 |     5 |    17 |     2 ||    25
       Fruit             |       |       |     1 |       ||     1
       Beef jerky        |       |       |     1 |       ||     1
       Pizza             |       |       |     1 |       ||     1
